 Dungeon Crawl Stone Soup version 0.27.1-33-g824d729ab1 (webtiles) character file.

Game seed: 1986938905780773318

104 jlumianski the Ducker (level 4, -4/61 HPs)
             Began as a Gnoll Monk on Dec 20, 2021.
             Slain by a lemure (5 damage)
             ... led by Pikel
             ... on level 3 of the Dungeon.
             The game lasted 00:09:45 (2906 turns).

jlumianski the Ducker (Gnoll Monk)                  Turns: 2906, Time: 00:09:45

Health: -4/61      AC: 22    Str: 11    XL:     4   Next: 80%
Magic:  5/5        EV:  2    Int: 10    God:
Gold:   156        SH:  0    Dex: 14    Spells: 5/5 levels left

rFire    . . .     SeeInvis .   a - +0 hand axe
rCold    . . .     Faith    .   (no shield)
rNeg     + + +     Spirit   .   (armour currently unavailable)
rPois    +         Reflect  .   (helmet currently unavailable)
rElec    .         Harm     .   (cloak currently unavailable)
rCorr    .         Rampage  .   (gloves currently unavailable)
Will     .....     NoTele   +   (boots currently unavailable)
Stlth    +++.......             (no amulet)
HPRegen  0.20/turn              (no ring)
MPRegen  0.09/turn              (no ring)

@: tree-form
A: stationary, stasis, torment immunity, boosted hp, (fangs 1), strong nose,
distributed training
a: no special abilities


You were on level 3 of the Dungeon.
You were a tree.
You visited 1 branch of the dungeon, and saw 4 of its levels.

You collected 156 gold pieces.

Inventory:

Hand Weapons
 a - a +0 hand axe (weapon)
 d - a +0 hunting sling
Missiles
 c - 150 stones
 f - 6 sling bullets
 j - 21 poisoned darts (quivered)
Armour
 b - a +0 robe
 e - a +0 leather armour (melded)
 g - a +1 cloak (melded)
Scrolls
 i - a scroll of torment
Potions
 h - a potion of attraction
 l - a potion of haste


   Skills:
 + Level 6.6 Fighting
 + Level 1.2 Short Blades
 + Level 1.2 Long Blades
 + Level 6.6 Axes
 + Level 1.2 Maces & Flails
 + Level 1.2 Polearms
 + Level 1.2 Staves
 + Level 1.2 Slings
 + Level 1.2 Bows
 + Level 1.2 Crossbows
 + Level 1.2 Throwing
 + Level 1.2 Armour
 + Level 6.6 Dodging
 + Level 4.3 Stealth
 + Level 1.2 Shields
 + Level 1.2 Unarmed Combat
 + Level 1.2 Spellcasting
 + Level 1.0 Conjurations
 + Level 1.0 Hexes
 + Level 1.0 Summonings
 + Level 1.0 Necromancy
 + Level 1.0 Translocations
 + Level 1.0 Transmutations
 + Level 1.0 Fire Magic
 + Level 1.0 Ice Magic
 + Level 1.0 Air Magic
 + Level 1.0 Earth Magic
 + Level 1.0 Poison Magic
 + Level 1.3 Invocations
 + Level 1.2 Evocations


You had 5 spell levels left.
You didn't know any spells.
Your spell library contained the following spells:

 Spells                   Type           Power      Damage    Failure   Level
 Passwall                 Tmut/Erth      1%         N/A       32%         2
 Swiftness                Air            2%         N/A       54%         3
 Invisibility             Hex            1%         N/A       100%        6


Dungeon Overview and Level Annotations

Branches:
Dungeon (4/15)
 Temple: D:4-7

Altars:

Annotations:
D:3 Pikel


Innate Abilities, Weirdness & Mutations

You are a tree.
Your roots penetrate the ground, keeping you stationary.
You cannot be teleported.
You are immune to unholy pain and torment.
Your maximum health is greatly increased.
Your equipment is partially melded.
((You have very sharp teeth.))
Your uncanny sense of smell can sniff out nearby items.
Your experience applies equally to all skills.


Message History

The lemure hits you but does no damage.
You closely miss Pikel.
Pikel is moderately wounded.
You hit the lemure. Pikel hits you but does no damage.
The lemure hits you but does no damage.
You hit Pikel but do no damage.
Pikel is moderately wounded.
You hit the lemure. Pikel barely misses you.
The lemure hits you but does no damage.
You hit Pikel but do no damage.
Pikel is moderately wounded.
You closely miss the lemure. Pikel hits you but does no damage.
The lemure hits you but does no damage.
You barely miss Pikel.
Pikel is moderately wounded.
You closely miss the lemure. Pikel hits you but does no damage.
The lemure hits you but does no damage.
You hit Pikel.
Pikel is heavily wounded.
You hit the lemure but do no damage.
Pikel says, "I knew I should've brought a map."
Pikel hits you but does no damage. The lemure hits you.
* * * LOW HITPOINT WARNING * * *
Okay, then.
Unknown command.
Unknown command.
Throw: 21 darts (poison)
Press: ? - help, Q - select action, (/) - cycle Shift-Dir - straight line, f - lemure
Aim: a lemure (moderately wounded, 55% to hit)
Okay, then.
Unknown command.
You hit Pikel.
Pikel is heavily wounded.
You hit the lemure. Pikel hits you but does no damage.
The lemure hits you but does no damage.
You hit Pikel.
Pikel is severely wounded.
You hit the lemure but do no damage. Pikel hits you but does no damage.
The lemure hits you.
You die...

##..# #.# #.##....† ##..#### #.#
#.#####.# ##.....# #.# #........
###.##.# #.# #######.# # #.##.#
#.############.# # #.##.#
#.#............# ###.##.#
#.#.#########..# ....##.# ###.#.#
#..# ######.# #####♣#.#.## #..# #
#.# #....K5....## #... #.##
#.#.........#### #.## ######..#
#..............# #.## .....##.##
#.#.........##.## #.##
####.#...###.##...#...##...###.##
#..........##.##...#..........
###...#.#.#.............###.##
##.#..#.............#.....#


You could see Pikel and a lemure.

Vanquished Creatures
  4 adders (D:2)
  3 worms (D:2)
  A dart slug (D:1)
  3 bats
  6 endoplasms
  4 giant cockroaches
  4 goblins
  5 hobgoblins
  4 jackals (D:2)
  8 kobolds
  A quokka (D:2)
  3 ball pythons (D:2)
  A frilled lizard (D:1)
  10 rats
57 creatures vanquished.

Notes
Turn   | Place    | Note
-------+----------+-------------------------------------------
     0 | D:1      | jlumianski the Gnoll Monk began the quest for the Orb.
     0 | D:1      | Reached XP level 1. HP: 23/23 MP: 1/1
   141 | D:1      | Reached XP level 2. HP: 25/29 MP: 2/2
  1073 | D:2      | Reached XP level 3. HP: 32/35 MP: 3/3
  1227 | D:2      | Reached skill level 1 in Invocations
  1367 | D:2      | Noticed a shining eye
  1370 | D:2      | Found a faded altar of an unknown god.
  1372 | D:2      | Noticed a floating eye
  1372 | D:2      | Noticed a great orb of eyes
  1372 | D:2      | Noticed an eye of devastation
  1475 | D:2      | Reached skill level 1 in Short Blades
  1475 | D:2      | Reached skill level 1 in Long Blades
  1475 | D:2      | Reached skill level 1 in Maces & Flails
  1475 | D:2      | Reached skill level 1 in Polearms
  1475 | D:2      | Reached skill level 1 in Staves
  1475 | D:2      | Reached skill level 1 in Slings
  1475 | D:2      | Reached skill level 1 in Bows
  1475 | D:2      | Reached skill level 1 in Crossbows
  1475 | D:2      | Reached skill level 1 in Throwing
  1475 | D:2      | Reached skill level 1 in Armour
  1475 | D:2      | Reached skill level 1 in Shields
  1475 | D:2      | Reached skill level 1 in Unarmed Combat
  1475 | D:2      | Reached skill level 1 in Spellcasting
  1475 | D:2      | Reached skill level 1 in Evocations
  1574 | D:2      | Reached XP level 4. HP: 27/41 MP: 5/5
  1994 | D:2      | Reached skill level 1 in Conjurations
  1994 | D:2      | Reached skill level 1 in Hexes
  1994 | D:2      | Reached skill level 1 in Summonings
  1994 | D:2      | Reached skill level 1 in Necromancy
  1994 | D:2      | Reached skill level 1 in Translocations
  1994 | D:2      | Reached skill level 1 in Transmutations
  1994 | D:2      | Reached skill level 1 in Fire Magic
  1994 | D:2      | Reached skill level 1 in Ice Magic
  1994 | D:2      | Reached skill level 1 in Air Magic
  1994 | D:2      | Reached skill level 1 in Earth Magic
  1994 | D:2      | Reached skill level 1 in Poison Magic
  2881 | D:4      | Noticed Pikel
  2881 | D:4      | Noticed a lemure
  2881 | D:4      | Noticed a lemure
  2881 | D:4      | Noticed a lemure
  2881 | D:4      | Noticed a lemure
  2897 | D:3      | HP: 3/61 [Pikel (1)]
  2904 | D:3      | HP: 1/61 [lemure[Pikel] (2)]
  2906 | D:3      | Slain by a lemure

Illustrated notes

Levels and vault maps discovered:
D:1:      psy_arrival_radial01, layout_basic
D:2:      layout_loops_ring, hellmonk_ecumenical_altar_watching_god,
          moated_statue, minmay_heptomino_o4
D:3:      layout_loops_ring
D:4:      layout_loops_corners, uniq_pikel

Skill      XL: |  1  2  3  4 |
---------------+-------------+-----
Invocations    | 1 |  1.3
Short Blades   | 1 |  1.2
Long Blades    | 1 |  1.2
Maces & Flails | 1 |  1.2
Polearms       | 1 |  1.2
Staves         | 1 |  1.2
Slings         | 1 |  1.2
Bows           | 1 |  1.2
Crossbows      | 1 |  1.2
Throwing       | 1 |  1.2
Armour         | 1 |  1.2
Shields        | 1 |  1.2
Unarmed Combat | 1 |  1.2
Spellcasting   | 1 |  1.2
Evocations     | 1 |  1.2
Conjurations   | 1 |  1.0
Hexes          | 1 |  1.0
Summonings     | 1 |  1.0
Necromancy     | 1 |  1.0
Translocations | 1 |  1.0
Transmutations | 1 |  1.0
Fire Magic     | 1 |  1.0
Ice Magic      | 1 |  1.0
Air Magic      | 1 |  1.0
Earth Magic    | 1 |  1.0
Poison Magic   | 1 |  1.0
Fighting       | |  6.6
Axes           | |  6.6
Dodging        | |  6.6
Stealth        | |  4.3

Action                   |  1- 3 |  4- 6 || total
-------------------------+-------+-------++-------
Melee: Hand axe          |    82 |    99 ||   181
       Bite              |     5 |     4 ||     9
Throw: Stone             |     9 |       ||     9
       Dart              |    13 |    16 ||    29
  Use: Scroll            |     4 |     6 ||    10
       Potion            |       |     2 ||     2
 Stab: Sleeping          |     7 |     3 ||    10
Armor: Leather armour    |    16 |    26 ||    42
       Skin              |       |    22 ||    22
Dodge: Dodged            |    41 |    54 ||    95
